3L
KINGSTON TOWNSHIP LEGION @ THUNDER BAY NORTHERN LIONS BC
09/02/2025
 
TOP OF THE 1ST
Kingston Township Legion batting - Pitching for Thunder Bay Northern Lions BC : RHP Jorge Castillo
Pitching: RHP Jorge Castillo
Batting: LHB Forrest McCooke 0-0: Called Strike
0-1: Foul Ball, location: 2F
0-2: Strikes out looking
Batting: RHB Pedro Mendoza 0-0: Called Strike
0-1: Ball
1-1: Foul Ball, location: 2F
1-2: Strikes out swinging
Batting: RHB Clarence Neal 0-0: Ball
1-0: Ground out 6-3 (Groundball, 6M)
Top of the 1st over - 0 run(s), 0 hit(s), 0 error(s), 0 left on base; Kingston Township 0 - Thunder Bay 0
BOTTOM OF THE 1ST
Thunder Bay Northern Lions BC batting - Pitching for Kingston Township Legion : LHP Shigemasa Horiuchi
Pitching: LHP Shigemasa Horiuchi
Batting: LHB David Smith 0-0: Foul Ball, location: 2F
0-1: Foul Ball, location: 2F
0-2: Strikes out looking
Batting: SHB Carlos Rodríguez 0-0: Called Strike
0-1: Ball
1-1: Ball
2-1: Foul Ball, location: 2F
2-2: Ground out 6-3 (Groundball, 6)
Batting: LHB Chris Gregory 0-0: Ball
1-0: Ball
2-0: Ball
3-0: Called Strike
3-1: Base on Balls
Batting: RHB Robert O'Connor 0-0: SINGLE (Groundball, 6D)
Chris Gregory to second
Runner from 2nd tries for 3rd, SAFE, no throw
Batting: RHB Carlos Padilla 0-0: Foul Ball, location: 2F
0-1: Swinging Strike
0-2: Ball
1-2: Fly out, F9 (Line Drive, 9S)
Bottom of the 1st over - 0 run(s), 1 hit(s), 0 error(s), 2 left on base; Kingston Township 0 - Thunder Bay 0
TOP OF THE 2ND
Kingston Township Legion batting - Pitching for Thunder Bay Northern Lions BC : RHP Jorge Castillo
Batting: LHB Christian Blair 0-0: Swinging Strike
0-1: Ball
1-1: Foul Ball, location: 2F
1-2: Strikes out swinging
Batting: RHB José Icaza 0-0: Ball
1-0: Called Strike
1-1: Ball
2-1: Called Strike
2-2: Ball
3-2: Foul Ball, location: 2F
3-2: DOUBLE (Line Drive, 78XD)
Batting: LHB Andrés Chávez 0-0: Ball
1-0: Foul Ball, location: 2F
1-1: Ball
2-1: Ball
3-1: Base on Balls
Batting: RHB Jeffery Campbell 0-0: Called Strike
0-1: Ball
1-1: Foul Ball, location: 2F
1-2: SINGLE (Groundball, 56D)
José Icaza to third
Andrés Chávez to second
Runner from 3rd tries for Home, SAFE, throw made home
Batting: RHB Rodrigo Pagán 0-0: Ball
1-0: Called Strike
1-1: Called Strike
1-2: Strikes out swinging
Batting: LHB Martín Núñes 0-0: Called Strike
0-1: Foul Ball, location: 2F
0-2: SINGLE (Groundball, 4MD)
Andrés Chávez to third
Jeffery Campbell to second
Runner from 3rd tries for Home, throw and OUT!
Top of the 2nd over - 1 run(s), 3 hit(s), 0 error(s), 2 left on base; Kingston Township 1 - Thunder Bay 0
BOTTOM OF THE 2ND
Thunder Bay Northern Lions BC batting - Pitching for Kingston Township Legion : LHP Shigemasa Horiuchi
Batting: RHB Fred Meyer 0-0: Ball
1-0: DOUBLE (Line Drive, 7LD)
Batting: SHB Arnold Griffith 0-0: Called Strike
0-1: Ground out 5-3 (Groundball, 5L)
Batting: LHB Curtis Peters 0-0: Swinging Strike
0-1: Foul Ball, location: 2F
0-2: Ball
1-2: Ball
2-2: Strikes out swinging
Batting: RHB Keith Fish 0-0: Ball
1-0: Fly out, F3 (Popup, 3S)
Bottom of the 2nd over - 0 run(s), 1 hit(s), 0 error(s), 1 left on base; Kingston Township 1 - Thunder Bay 0
TOP OF THE 3RD
Kingston Township Legion batting - Pitching for Thunder Bay Northern Lions BC : RHP Jorge Castillo
Batting: LHB Forrest McCooke 0-0: Ball
1-0: Foul Ball, location: 2F
1-1: Swinging Strike
1-2: Ball
2-2: Foul Ball, location: 2F
2-2: Foul Ball, location: 2F
2-2: Ball
3-2: Ground out 6-3 (Groundball, 6M)
Batting: RHB Pedro Mendoza 0-0: Called Strike
0-1: Ball
1-1: Fly out, F7 (Flyball, 7D)
Batting: RHB Clarence Neal 0-0: Foul Ball, location: 2F
0-1: Ball
1-1: Ball
2-1: Foul Ball, location: 2F
2-2: SINGLE (Groundball, 56D)
Batting: LHB Christian Blair 0-0: Ball
1-0: Called Strike
1-1: Ground out 5-3 (Groundball, 56S)
Top of the 3rd over - 0 run(s), 1 hit(s), 0 error(s), 1 left on base; Kingston Township 1 - Thunder Bay 0
BOTTOM OF THE 3RD
Thunder Bay Northern Lions BC batting - Pitching for Kingston Township Legion : LHP Shigemasa Horiuchi
Batting: LHB David Smith 0-0: Ball
1-0: Foul Ball, location: 2F
1-1: Foul Ball, location: 2F
1-2: Ball
2-2: Ball
3-2: Strikes out swinging
Batting: SHB Carlos Rodríguez 0-0: Ball
1-0: SINGLE (Line Drive, 56)
Batting: LHB Chris Gregory 0-0: Ball
1-0: Foul Ball, location: 2F
1-1: Called Strike
1-2: Ball
2-2: Strikes out swinging
Batting: RHB Robert O'Connor 0-0: Ball
1-0: DOUBLE (Flyball, 78D)
Carlos Rodríguez to third
Batting: RHB Carlos Padilla 0-0: Ball
1-0: Ball
2-0: Ball
3-0: Base on Balls
Batting: RHB Fred Meyer 0-0: Swinging Strike
0-1: Swinging Strike
0-2: Ball
1-2: Strikes out swinging
Bottom of the 3rd over - 0 run(s), 2 hit(s), 0 error(s), 3 left on base; Kingston Township 1 - Thunder Bay 0
TOP OF THE 4TH
Kingston Township Legion batting - Pitching for Thunder Bay Northern Lions BC : RHP Jorge Castillo
Batting: RHB José Icaza 0-0: Called Strike
0-1: Ball
1-1: Foul Ball, location: 2F
1-2: Ball
2-2: Ground out 6-3 (Groundball, 6D)
Batting: LHB Andrés Chávez 0-0: Ball
1-0: Ball
2-0: SINGLE (Groundball, 34D)
Batting: RHB Jeffery Campbell 0-0: Ball
1-0: Ball
2-0: Ball
3-0: Called Strike
3-1: Foul Ball, location: 2F
3-2: Fly out, F8 (Flyball, 8LS)
Batting: RHB Rodrigo Pagán 0-0: Foul Ball, location: 2F
0-1: Swinging Strike
0-2: Ball
1-2: Ball
2-2: Foul Ball, location: 2F
2-2: Fly out, F9 (Flyball, 89XD)
Top of the 4th over - 0 run(s), 1 hit(s), 0 error(s), 1 left on base; Kingston Township 1 - Thunder Bay 0
BOTTOM OF THE 4TH
Thunder Bay Northern Lions BC batting - Pitching for Kingston Township Legion : LHP Shigemasa Horiuchi
Batting: SHB Arnold Griffith 0-0: Ball
1-0: Ground out 4-3 (Groundball, 34)
Batting: LHB Curtis Peters 0-0: Ball
1-0: Fly out, F8 (Flyball, 8LM)
Batting: RHB Keith Fish 0-0: Foul Ball, location: 2F
0-1: Ball
1-1: Ground out 5-3 (Groundball, 56)
Bottom of the 4th over - 0 run(s), 0 hit(s), 0 error(s), 0 left on base; Kingston Township 1 - Thunder Bay 0
TOP OF THE 5TH
Kingston Township Legion batting - Pitching for Thunder Bay Northern Lions BC : RHP Jorge Castillo
Batting: LHB Martín Núñes 0-0: Foul Ball, location: 2F
0-1: Called Strike
0-2: Ball
1-2: Ground out U3 (Groundball, 23)
Batting: LHB Forrest McCooke 0-0: Ball
1-0: Ball
2-0: Ball
3-0: Base on Balls
Batting: RHB Pedro Mendoza 0-0: Ball
Forrest McCooke is caught stealing 2nd base
1-0: Ball
2-0: Foul Ball, location: 2F
2-1: Foul Ball, location: 2F
2-2: Fly out, F9 (Flyball, 9LSF)
Top of the 5th over - 0 run(s), 0 hit(s), 0 error(s), 0 left on base; Kingston Township 1 - Thunder Bay 0
BOTTOM OF THE 5TH
Thunder Bay Northern Lions BC batting - Pitching for Kingston Township Legion : LHP Shigemasa Horiuchi
Batting: LHB David Smith 0-0: Called Strike
0-1: Foul Ball, location: 2F
0-2: Strikes out swinging
Batting: SHB Carlos Rodríguez 0-0: Foul Ball, location: 2F
0-1: Ball
1-1: SINGLE (Line Drive, 6M)
Batting: LHB Chris Gregory 0-0: Ball
1-0: SINGLE (Groundball, 56D)
Carlos Rodríguez to second
Batting: RHB Robert O'Connor 0-0: Called Strike
0-1: Called Strike
0-2: Ball
1-2: Ball
2-2: Foul Ball, location: 2F
2-2: Foul Ball, location: 2F
2-2: Foul Ball, location: 2F
2-2: Grounds into double play, 4-6-3 (Groundball, 34)
Bottom of the 5th over - 0 run(s), 2 hit(s), 0 error(s), 1 left on base; Kingston Township 1 - Thunder Bay 0
TOP OF THE 6TH
Kingston Township Legion batting - Pitching for Thunder Bay Northern Lions BC : RHP Jorge Castillo
Batting: RHB Clarence Neal 0-0: Ball
1-0: Ball
2-0: Called Strike
2-1: Ball
3-1: Base on Balls
Batting: LHB Christian Blair 0-0: Swinging Strike
0-1: Called Strike
0-2: Foul Ball, location: 2F
0-2: Ball
1-2: Strikes out swinging
Batting: RHB José Icaza 0-0: Called Strike
0-1: Ball
1-1: Foul Ball, location: 2F
1-2: Strikes out swinging
Batting: LHB Andrés Chávez 0-0: Ball
1-0: DOUBLE (Line Drive, 9D)
Clarence Neal to third
Runner from 3rd tries for Home, SAFE, throw made home
Batting: RHB Jeffery Campbell 0-0: Called Strike
0-1: Ball
1-1: Swinging Strike
1-2: Foul Ball, location: 2F
1-2: Foul Ball, location: 2F
1-2: Fly out, F9 (Flyball, 9S)
Top of the 6th over - 1 run(s), 1 hit(s), 0 error(s), 1 left on base; Kingston Township 2 - Thunder Bay 0
BOTTOM OF THE 6TH
Thunder Bay Northern Lions BC batting - Pitching for Kingston Township Legion : LHP Shigemasa Horiuchi
Batting: RHB Carlos Padilla 0-0: Ball
1-0: SOLO HOME RUN (Line Drive, 7D), Distance : 413 ft
Batting: RHB Fred Meyer 0-0: Ball
1-0: SINGLE (Line Drive, 7S)
Batting: SHB Arnold Griffith 0-0: Reached on error, E1 (Groundball, 15S)
Fred Meyer to second
Batting: LHB Curtis Peters 0-0: Bunted foul
0-1: Bunted foul
0-2: Ball
1-2: Fielders Choice at 2nd, 5-4 (Groundball, 56)
Fred Meyer to third
Batting: RHB Keith Fish 0-0: Ball
1-0: Called Strike
1-1: Ball
2-1: Called Strike
2-2: Foul Ball, location: 2F
2-2: Ground out 5-3 (Groundball, 56S)
Curtis Peters to second
Batting: LHB David Smith 0-0: Foul Ball, location: 2F
0-1: Foul Ball, location: 2F
0-2: Foul Ball, location: 2F
0-2: Foul Ball, location: 2F
0-2: Ball
1-2: SINGLE (Line Drive, 4MD)
Fred Meyer scores
Curtis Peters to third
Runner from 3rd tries for Home, throw and OUT!
Bottom of the 6th over - 2 run(s), 3 hit(s), 1 error(s), 1 left on base; Kingston Township 2 - Thunder Bay 2
TOP OF THE 7TH
Kingston Township Legion batting - Pitching for Thunder Bay Northern Lions BC : RHP Jorge Castillo
Pinch Hitting: RHB Juan Aguirre 0-0: Ball
1-0: Foul Ball, location: 2F
1-1: Ball
2-1: Fly out, F7 (Flyball, 78M)
Batting: LHB Martín Núñes 0-0: Fly out, F7 (Flyball, 7LM)
Batting: LHB Forrest McCooke 0-0: Ball
1-0: Ball
2-0: Ball
3-0: Called Strike
3-1: Fly out, F6 (Line Drive, 6)
Top of the 7th over - 0 run(s), 0 hit(s), 0 error(s), 0 left on base; Kingston Township 2 - Thunder Bay 2
BOTTOM OF THE 7TH
Thunder Bay Northern Lions BC batting - Pitching for Kingston Township Legion : LHP Shigemasa Horiuchi
Now at 2B: Juan Aguirre
Batting: SHB Carlos Rodríguez 0-0: Ball
1-0: Swinging Strike
1-1: Ball
2-1: Foul Ball, location: 2F
2-2: Ball
3-2: Strikes out swinging
Pitching: LHP Ezio Deodato
Batting: LHB Chris Gregory 0-0: Called Strike
0-1: Foul Ball, location: 2F
0-2: Ball
1-2: SINGLE (Groundball, 34D)
Batting: RHB Robert O'Connor 0-0: SINGLE (Groundball, 56D)
Chris Gregory to second
Batting: RHB Carlos Padilla 0-0: Foul Ball, location: 2F
0-1: Ball
1-1: Ball
2-1: Ball
Chris Gregory steals 3rd base
Robert O'Connor to second
3-1: Foul Ball, location: 2F
3-2: Foul Ball, location: 2F
3-2: Ground out 4-3 (Groundball, 4)
Batting: RHB Fred Meyer 0-0: Ball
1-0: Ball
2-0: Ball
3-0: Swinging Strike
3-1: Base on Balls
Batting: SHB Arnold Griffith 0-0: Ball
1-0: Fielders Choice at 2nd, 5-4 (Groundball, 56)
Bottom of the 7th over - 0 run(s), 2 hit(s), 0 error(s), 2 left on base; Kingston Township 2 - Thunder Bay 2
TOP OF THE 8TH
Kingston Township Legion batting - Pitching for Thunder Bay Northern Lions BC : RHP Jorge Castillo
Pitching: RHP Bill Lee
Pinch Hitting: RHB EP Weston 0-0: Called Strike
0-1: Ball
1-1: SOLO HOME RUN (Flyball, 7D), Distance : 403 ft
Batting: RHB Clarence Neal 0-0: Foul Ball, location: 2F
0-1: Called Strike
0-2: Ball
1-2: Ball
2-2: Ball
3-2: Strikes out looking
Batting: LHB Christian Blair 0-0: Foul Ball, location: 2F
0-1: Called Strike
0-2: Fly out, F9 (Flyball, 9S)
Batting: RHB José Icaza 0-0: Ball
1-0: Ball
2-0: Called Strike
2-1: Ball
3-1: Base on Balls
Batting: LHB Andrés Chávez 0-0: Called Strike
0-1: Swinging Strike
0-2: Ball
1-2: Ball
2-2: Strikes out swinging
Top of the 8th over - 1 run(s), 1 hit(s), 0 error(s), 1 left on base; Kingston Township 3 - Thunder Bay 2
BOTTOM OF THE 8TH
Thunder Bay Northern Lions BC batting - Pitching for Kingston Township Legion : LHP Ezio Deodato
Pitching: LHP Il-young Kim
Now at 3B: Jim Scott
Batting: LHB Curtis Peters 0-0: Ball
1-0: Swinging Strike
1-1: Ball
2-1: Swinging Strike
2-2: Ball
3-2: Foul Ball, location: 2F
3-2: SINGLE (Groundball, 34D)
Pitching: RHP Yosuke Takahashi
Batting: RHB Keith Fish 0-0: Bunted foul
0-1: Ball
1-1: Sac Bunt - play at first, batter OUT! 1-4
Curtis Peters to second
Batting: LHB David Smith 0-0: Called Strike
0-1: Ball
1-1: Ground out 3-1 (Groundball, 34)
Curtis Peters to third
Batting: SHB Carlos Rodríguez 0-0: Foul Ball, location: 2F
0-1: Ball
1-1: Ball
2-1: Ball
3-1: Ground out 4-3 (Groundball, 4)
Bottom of the 8th over - 0 run(s), 1 hit(s), 0 error(s), 1 left on base; Kingston Township 3 - Thunder Bay 2
TOP OF THE 9TH
Kingston Township Legion batting - Pitching for Thunder Bay Northern Lions BC : RHP Bill Lee
Pitching: RHP Brandon Bannatyne
Batting: RHB Jeffery Campbell 0-0: Ground out 1-3 (Groundball, 15S)
Batting: RHB Juan Aguirre 0-0: Ball
1-0: Called Strike
1-1: Called Strike
1-2: Fly out, F7 (Flyball, 7D)
Batting: LHB Martín Núñes 0-0: Ground out U3 (Groundball, 3)
Top of the 9th over - 0 run(s), 0 hit(s), 0 error(s), 0 left on base; Kingston Township 3 - Thunder Bay 2
BOTTOM OF THE 9TH
Thunder Bay Northern Lions BC batting - Pitching for Kingston Township Legion : RHP Yosuke Takahashi
Pitching: LHP Carlos Vargas
Batting: LHB Chris Gregory 0-0: Ball
1-0: Foul Ball, location: 2F
1-1: Fly out, F6 (Popup, 6D)
Batting: RHB Robert O'Connor 0-0: Ball
1-0: Ball
2-0: Ball
3-0: Base on Balls
Batting: RHB Carlos Padilla 0-0: Ball
1-0: Ball
2-0: Ball
3-0: Called Strike
3-1: Foul Ball, location: 2F
3-2: Foul Ball, location: 2F
3-2: Foul Ball, location: 2F
3-2: Foul Ball, location: 2F
3-2: Grounds into double play, 6-4-3 (Groundball, 6MD)
Bottom of the 9th over - 0 run(s), 0 hit(s), 0 error(s), 0 left on base; Kingston Township 3 - Thunder Bay 2
Friday, December 30th, 2016 - OOTP Baseball 17.12 Build 75